 Dungeon Crawl Stone Soup version 0.24.0-37-gcf1ca852f1 (webtiles) character file.

Game seed: 7271890453925645525, levelgen mode: deterministic

220 Goreval the Ruffian (level 5, 53/53 HPs)
             Began as a Troll Fighter on Nov 29, 2019.
             Was a Follower of Trog.
             Got out of the dungeon alive.
             The game lasted 00:06:34 (2120 turns).

Goreval the Ruffian (Troll Fighter)                 Turns: 2120, Time: 00:06:34

Health: 53/53      AC:  6    Str: 25    XL:     5   Next: 64%
Magic:  4/4        EV:  8    Int:  4    God:    Trog [*.....]
Gold:   103        SH:  9    Dex:  9    Spells: 4/4 levels left

rFire    . . .     SeeInvis .     - Unarmed
rCold    . . .     Gourm    +   b - +0 shield
rNeg     . . .     Faith    .   a - +0 robe
rPois    .         Spirit   .   (helmet restricted)
rElec    .         Reflect  .   (no cloak)
rCorr    .         Harm     .   (gloves unavailable)
MR       .....                  (boots unavailable)
Stlth    +.........             (no amulet)
HPRegen  0.57/turn              (no ring)
MPRegen  0.09/turn              (no ring)

@: no status effects
A: large, unfitting armour, claws 3, fast metabolism 3, gourmand, regeneration
1, shaggy fur 1, tough skin 3
a: Berserk, Renounce Religion


You escaped.
You worshipped Trog.
Trog was aware of your devotion.
You were completely stuffed.

You visited 1 branch of the dungeon, and saw 3 of its levels.

You collected 103 gold pieces.

Inventory:

Missiles
 i - 98 stones (quivered)
Armour
 a - a +0 robe (worn)
 b - a +0 shield (worn)
Wands
 j - a wand of scattershot (5)
 l - a wand of polymorph (8)
Scrolls
 f - 3 scrolls of identify {unknown}
 h - 2 scrolls of remove curse {unknown}
 k - a scroll of random uselessness {unknown}
Potions
 c - 2 potions of might
 e - a potion of mutation {unknown}
 g - a potion of lignification {unknown}
 m - a potion of ambrosia {unknown}
 o - a potion of degeneration {unknown}
Comestibles
 d - 5 rations


   Skills:
 + Level 3.3 Fighting
 - Level 2.4 Dodging
 + Level 3.3 Shields
 * Level 4.5 Unarmed Combat


You had 4 spell levels left.
You didn't know any spells.
Your spell library was empty.

Dungeon Overview and Level Annotations

Branches:
Dungeon (3/15)

Altars:
Ashenzari
Dithmenos
Hepliaklqana
Trog
Xom


Innate Abilities, Weirdness & Mutations

You are too large for most types of armour.
You have claws for hands.
Your metabolism is lightning-fast.
You like to eat raw meat.
Your natural rate of healing is unusually fast.
You are covered in fur. (AC +1)
You have extremely tough skin. (AC +3)


Message History

This raw flesh tastes great.
There is a stone staircase leading up here.
You climb upwards.
There is a stone staircase leading down here.
Unknown command.
(D) Dungeon
Where to? (Enter - D:2, ? - help)
Okay, then.
Unknown command.
There is a stone staircase leading up here.
You climb upwards.
There is a stone staircase leading down here.
You see here a +0 club.
There is an open gate here.
There is an open door here.
There is an open door here.
There is an open door here.
There is a staircase leading out of the dungeon here.
Are you sure you want to leave the Dungeon?
This will make you lose the game!
You have escaped!

#≈.......≈#.#...#..
#≈.......≈#.#......
#.....)...###...#..
#.........#........
#.........#.##..#..
#####'#####.#..>#..
#...#.♣♣♣ #.#.###..
#...#♣..♣♣#...# #..
#.@.#♣♣♣.♣##### ###
#...####'#
#...'....♣
########## #######
#.....# #.###.###
#.# #.#.. #.# #.#..


There were no monsters in sight!

Vanquished Creatures
  A scorpion (D:3)
  A centaur zombie (D:3)
  Terence (D:2)
  2 adders (D:2)
  2 oozes
  A worm (D:2)
  3 dart slugs
  2 leopard geckos (D:1)
  4 orcs (D:3)
  A giant cockroach (D:1)
  11 goblins
  10 hobgoblins
  2 jackals (D:3)
  6 kobolds
  4 quokkas (D:2)
  6 bats
  6 frilled lizards
  7 rats
70 creatures vanquished.

Notes
Turn   | Place    | Note
-------+----------+-------------------------------------------
     0 | D:1      | Goreval the Troll Fighter began the quest for the Orb.
     0 | D:1      | Reached XP level 1. HP: 22/22 MP: 0/0
   153 | D:1      | Reached XP level 2. HP: 25/29 MP: 1/1
   368 | D:1      | Reached XP level 3. HP: 33/36 MP: 2/2
   478 | D:1      | Reached skill level 3 in Unarmed Combat
   753 | D:2      | Found a shimmering altar of Xom.
   755 | D:2      | Found a hazy altar of Hepliaklqana.
   755 | D:2      | Noticed a hungry ghost
   758 | D:2      | Noticed a spectral ugly thing
   758 | D:2      | Noticed a hungry ghost
   824 | D:2      | Reached XP level 4. HP: 44/44 MP: 3/3
  1029 | D:2      | Found a shattered altar of Ashenzari.
  1087 | D:2      | Noticed Terence
  1095 | D:2      | Killed Terence
  1392 | D:2      | Found a faded altar of an unknown god.
  1412 | D:2      | Became a worshipper of Trog the Wrathful
  1412 | D:2      | Reached * piety under Trog
  1541 | D:3      | Reached skill level 4 in Unarmed Combat
  1541 | D:3      | Reached XP level 5. HP: 37/53 MP: 4/4
  1725 | D:3      | Found a shadowy altar of Dithmenos.
  2120 | D:$      | Got out of the dungeon alive.

Levels and vault maps discovered:
D:1:      scummos_arrival_gate, layout_basic, minmay_misc_feat_four_crosses,
          hangedman_feature_mirror
D:2:      layout_loops_ring, regret_index_temple_of_mockery,
          lemuel_crystal_altar, chequers_ecumenical_altar_island, uniq_terence
D:3:      layout_basic, grunt_dithmenos_smoke_and_mirrors, serial_glass,
          glass_columns_a, glass_columns_c

Skill      XL: |  1  2  3  4 |
---------------+-------------+-----
Unarmed Combat | 3 4 |  4.5
Fighting       | 3 |  3.3
Shields        | 3 |  3.3
Dodging        | |  2.4

Action                   |  1- 3 |  4- 6 || total
-------------------------+-------+-------++-------
Melee: Unarmed           |   115 |   107 ||   222
Throw: Stone             |     5 |    16 ||    21
  Eat: Chunk             |    13 |    12 ||    25
Armor: Robe              |    34 |    25 ||    59
Dodge: Dodged            |    30 |    16 ||    46
Block: Shield            |    48 |    30 ||    78
